 Dungeon Crawl Stone Soup version 0.31.0-12-g77e489cdc1 (webtiles) character file.

Game seed: 4249927148951081416

122 Gadfly the Trooper (level 5, 0/55 HPs)
             Began as an Oni Berserker on Feb 24, 2024.
             Was a Believer of Trog.
             Slain by an orc wizard
             ... wielding a +0 dagger
              (2 damage)
             ... on level 3 of the Dungeon.
             The game lasted 00:03:39 (3149 turns).

Gadfly the Trooper (Oni Berserker)                  Turns: 3149, Time: 00:03:39

Health: 0/55       AC:  3    Str: 21    XL:     5   Next: 6%
Magic:  5/5        EV: 10    Int:  8    God:    Trog [**....]
Gold:   137        SH:  0    Dex: 10    Spells: 4/4 levels left

rFire   . . .        a - +0 flail (protect)
rCold   . . .        (no shield)
rNeg    . . .        b - +0 animal skin
rPois   .            (helmet restricted)
rElec   .            (no cloak)
rCorr   .            (gloves unavailable)
SInv    .            (boots unavailable)
Will    .....        (no amulet)
Stlth   +            (no ring)
HPRegen 0.29/turn    (no ring)
MPRegen 0.09/turn

%: no passive effects
@: no status effects
A: large, unfitting armour, horns 1, tough skin 1, double potion healing,
drunken brawling
a: Renounce Religion, Berserk, Trog's Hand


You were on level 3 of the Dungeon.
You worshipped Trog.
Trog was pleased with you.
You visited 1 branch of the dungeon, and saw 4 of its levels.

You collected 137 gold pieces.

Inventory:

Hand Weapons
 a - a +0 flail of protection (weapon)
Armour
 b - a +0 animal skin (worn)
Scrolls
 h - 2 scrolls of teleportation
Potions
 c - a potion of haste {unknown}
 d - 2 potions of mutation
 e - a potion of ambrosia
 f - a potion of enlightenment
 i - a potion of berserk rage {unknown}


   Skills:
 + Level 4.6 Fighting
 * Level 4.0 Maces & Flails
 * Level 1.9 Armour
 - Level 2.6 Dodging
 * Level 1.6 Evocations


You had 4 spell levels left.
You didn't know any spells.
Your spell library was empty.

Dungeon Overview and Level Annotations

Branches:
Dungeon (4/15)
 Temple: D:4-7

Altars:

Shops:
D:2 (


Innate Abilities, Weirdness & Mutations

You are too large for most types of armour.
You have a pair of small horns on your head.
You have tough skin. (AC +1)
You gain doubled healing and magic from potions.
Whenever you drink a healing potion, you attack all around you.


Message History

You hear some strange, mumbled words.
You are confused.
Something hits you but does no damage.
You bump into the rock wall.
Something hits you. Something hits you but does no damage.
Things that are here:
a +0 hand axe; an orc corpse You bump into the rock wall.
You bump into the rock wall.
Something hits you.
You bump into the rock wall.
You feel less confused.
You hear some strange, mumbled words.
You are confused.
You bump into the rock wall.
You hear some strange, mumbled words.
A magic dart appears from out of thin air!
The magic dart hits you!
You're too confused to move!
Something hits you.
You barely miss something.
You hear some strange, mumbled words.
A magic dart appears from out of thin air!
The magic dart hits you. Something hits you.
You barely miss something. Your headbutt misses something.
You hear some strange, mumbled words.
A magic dart appears from out of thin air!
The magic dart hits you.
* * * LOW HITPOINT WARNING * * *
You miss something.
You feel less confused.
You hear some strange, mumbled words.
A magic dart appears from out of thin air!
The magic dart hits you.
* * * LOW HITPOINT WARNING * * *
You miss something.
You hear some strange, mumbled words.
A magic dart appears from out of thin air!
The magic dart hits you!
* * * LOW HITPOINT WARNING * * *
You barely miss something. Something hits you.
You die...

.# #.##.##.# #.###..# #)# ##
#.##.##.# #.###..# ##'##
#.##.##.# #.#....# ##...##
#.##.##.# #.#.##.# ##.....##
##(##.##.###.#.#..## ##.......#
###........##........###.........
.............[.......(.'.........
###...#.#####.##.....###........)
##.##.# #.##@#.#.# ##.......#
#...#.# #.##{###.# ##.....##
#.....# #.##>###.# ##...##
#...### #........# ##'## ##.##
####.##### #.# #.# ####.## #.#
#.# #.....# ##.#### #.# #.##..#
#####...... #.# #.##..#
##........##


There were no monsters in sight!

Vanquished Creatures
  Robin (D:2)
  A gnoll (D:1)
  3 adders
  A dart slug (D:3)
  A ribbon worm (D:2)
  3 orcs
  3 ball pythons (D:3)
  7 bats
  5 endoplasms
  2 giant cockroaches
  7 hobgoblins
  4 jackals (D:1)
  A quokka (D:2)
  3 frilled lizards
  9 goblins
  2 kobolds
  10 rats
63 creatures vanquished.

Vanquished Creatures (collateral kills)
  A goblin (D:3)
1 creature vanquished.

Grand Total: 64 creatures vanquished

Notes
Turn   | Place    | Note
-------+----------+-------------------------------------------
     0 | D:1      | Gadfly the Oni Berserker began the quest for the Orb.
     0 | D:1      | Reached XP level 1. HP: 24/24 MP: 1/1
   335 | D:1      | Reached XP level 2. HP: 28/32 MP: 2/2
   786 | D:1      | Reached skill level 1 in Armour
   786 | D:1      | Reached XP level 3. HP: 17/39 MP: 3/3
  1205 | D:2      | Reached skill level 1 in Evocations
  1573 | D:2      | Reached ** piety under Trog
  1698 | D:2      | Found Merotys's Weapon Boutique.
  1753 | D:2      | Noticed Robin
  1758 | D:2      | Reached XP level 4. HP: 34/49 MP: 4/4
  1770 | D:2      | Killed Robin
  2781 | D:3      | Reached XP level 5. HP: 55/55 MP: 5/5
  3148 | D:3      | HP: 2/55 [something/magic dart (11)]
  3149 | D:3      | Slain by an orc wizard

Illustrated notes

Levels and vault maps discovered:
D:1:      eino_arrival_water_cross, layout_basic, minivault_5
D:2:      layout_loops_cross, serial_shops, nicolae_shop_bloodbath_and_beyond,
          uniq_robin
D:3:      layout_loops_corners
D:4:      layout_loops_ring, tgw_trog, minmay_temple_entry_mini_moons,
          gammafunk_ghost_necromancy, uniq_crazy_yiuf_cottage

Skill      XL: |  1  2  3  4  5 |
---------------+----------------+-----
Armour         | 1 |  1.9
Evocations     | 1 |  1.6
Maces & Flails | 4 |  4.0
Fighting       | |  4.6
Dodging        | |  2.6

Action                     |  1- 3 |  4- 6 || total
---------------------------+-------+-------++-------
  Melee: Mace              |    51 |       ||    51
         Headbutt          |    13 |    13 ||    26
         Flail             |    50 |    74 ||   124
         Punch             |       |     1 ||     1
 Invoke: Berserk           |       |     1 ||     1
    Use: Scroll            |     5 |     6 ||    11
         Potion            |       |     1 ||     1
   Stab: Sleeping          |       |     2 ||     2
 Armour: Animal skin       |    95 |    65 ||   160
  Dodge: Dodged            |    85 |    55 ||   140
